Workbook

Sheet INFO
A1: Detailed data for article Hahn et al. (2024) 'Estimating countries’ additional carbon accountability for closing the mitigation gap based on past and future emissions'.
A2: Article DOI: | B2: 10.1038/s41467-024-54039-x
A3: Data DOI (Zenodo): | B3: 10.5281/zenodo.10171891
A4: Code available: | B4: https://github.com/morfeldt/AdditionalCarbonAccountability
A6: Excel-Calculation of main case | B6: Go to tab
A7: Table 2 | B7: Go to tab
A8: Table 3 | B8: Go to tab
A9: Table 4 | B9: Go to tab
A10: Supplementary Table 1 | B10: Go to tab

Sheet CalculationSheet
B1: Population | K1: Historic emissions | S1: Carbon debt | U1: 1.5C - Excessive Claims and Additional Carbon Accountability | AC1: 2C - Excessive Claims and Additional Carbon Accountability
A2: Countries | B2: Population 2022 | C2: Aggregated population 1990-2022 | D2: Aggregated population 2023-2070 | E2: Aggregated population 1990-2070 | F2: Share of world population 2022 | G2: Share of world population 1990-2022 | H2: Share of world population 2023-2070 | I2: Share of world population 1990-2070 | J2: Net zero year | K2: Emissions 2022 (MtCO₂) | L2: Historic CO2 emissions 1990-2022 (MtCO₂) | M2: Future Carbon Claims: Planned emissions 2023-2070 (MtCO₂) | N2: Total emissions 1990-2070 (MtCO₂) | O2: Share of emissions 2022 | P2: Share of emissions 1990-2022 | Q2: Share of emissions 2023-2070 | R2: Share of emissions 1990-2070 | S2: Equal share of emissions 1990-2022 (MtCO₂) | T2: Carbon Debt (MtCO₂) = Actual emissions 1990-2022 minus equal share of emissions 1990-2022 | U2: Equal share of 1.5C carbon budget 2023-2070 (MtCO₂) | V2: Excessive Carbon Claim (MtCO₂) = Future carbon claims 2023-2070 minus Equal share of 1.5 budget | W2: Total Excessive Carbon Claims (MtCO₂) = Carbon Debt 1990-2022 + Excessive Carbon Claims 2023-2070 | X2: Iterative Calculation of Additional Carbon Acountability | AA2: Additional Carbon Accountability (MtCO₂) = Responsibility for additional emission reductions or negative emissions to stay within the budget | AB2: Additional Carbon Accountability per capita (tCO₂) for an average population 2023-2070 | AC2: Equal share of 2C carbon budget 2023-2070 (MtCO₂) | AD2: Excessive Carbon Claim (MtCO₂) = Future carbon claims 2022-2070 minus Equal share of 2.0 budget | AE2: Total excessive carbon claims (MtCO₂) = Carbon Debt 1990-2022 + Excessive carbon claims 2023-2070 | AF2: Iterative Calculation of Additional Carbon Accountability | AJ2: Additional Carbon Accountability (MtCO₂) = Responsibility for additional emission reductions or negative emissions to stay within the budget | AK2: Additional Carbon Accountability per capita (tCO₂) for an average population 2023-2070
A3: Argentina | B3: =DataFromRScriptForCalculations!B2 -> 45510318 | C3: =DataFromRScriptForCalculations!C2 -> 1301377860 | D3: =DataFromRScriptForCalculations!D2 -> 2416267861 | E3: =DataFromRScriptForCalculations!E2 -> 3717645721 | F3: =DataFromRScriptForCalculations!F2 -> 0.0057065477 | G3: =DataFromRScriptForCalculations!G2 -> 0.0059233139 | H3: =DataFromRScriptForCalculations!H2 -> 0.0053509838 | I3: =DataFromRScriptForCalculations!I2 -> 0.0055383082 | ... R3: =DataFromRScriptForCalculations!R2 -> 0.0050055566 | S3: =G3*$L$41 -> 5855.0138 | T3: =L3-S3 -> -596.04687 | U3: =H3*$U$41 -> 1203.9714 | V3: =M3-U3 -> 2492.0165 | W3: =V3+T3 -> 1895.9697 | X3: =IF(W3>0,W3-($W$47-$W$41)*(D3/SUMIF($W$3:$W$40,">0",$D$3:$D$40)),0) -> -1495.0786 | Y3: =IF(X3>0,X3-(-$X$42)*($D3/SUMIF($X$3:$X$40,">0",$D$3:$D$40)),0) -> 0 | Z3: =IF(Y3>0,Y3-(-$Y$42)*($D3/SUMIF($Y$3:$Y$40,">0",$D$3:$D$40)),0) -> 0 | AA3: =Z3 -> 0 | AB3: =AA3*1000000/($D3/48) -> 0 | AC3: =H3*$AC$41 -> 4147.0125 | AD3: =M3-AC3 -> -451.02456 | AE3: =T3+AD3 -> -1047.0714 | AF3: =IF(AE3>0,AE3-($AE$47-$AE$41)*($D3/SUMIF($AE$3:$AE$40,">0",$D$3:$D$40)),0) -> 0 | AG3: =IF(AF3>0,AF3-(-$AF$42)*($D3/SUMIF($AF$3:$AF$40,">0",$D$3:$D$40)),0) -> 0 | AH3: =IF(AG3>0,AG3-(-$AG$42)*($D3/SUMIF($AG$3:$AG$40,">0",$D$3:$D$40)),0) -> 0 | AI3: =IF(AH3>0,AH3-(-$AH$42)*($D3/SUMIF($AH$3:$AH$40,">0",$D$3:$D$40)),0) -> 0 | AJ3: =AI3 -> 0 | AK3: =AJ3*1000000/($D3/48) -> 0
A4: Australia | B4: =DataFromRScriptForCalculations!B3 -> 26177414 | C4: =DataFromRScriptForCalculations!C3 -> 695388683 | D4: =DataFromRScriptForCalculations!D3 -> 1502546364 | E4: =DataFromRScriptForCalculations!E3 -> 2197935047 | F4: =DataFromRScriptForCalculations!F3 -> 0.0032823911 | G4: =DataFromRScriptForCalculations!G3 -> 0.0031651111 | H4: =DataFromRScriptForCalculations!H3 -> 0.0033274876 | I4: =DataFromRScriptForCalculations!I3 -> 0.0032743415 | ... R4: =DataFromRScriptForCalculations!R3 -> 0.0099146724 | S4: =G4*$L$41 -> 3128.615 | T4: =L4-S4 -> 8973.8083 | U4: =H4*$U$41 -> 748.6847 | V4: =M4-U4 -> 4886.2686 | W4: =V4+T4 -> 13860.077 | X4: =IF(W4>0,W4-($W$47-$W$41)*(D4/SUMIF($W$3:$W$40,">0",$D$3:$D$40)),0) -> 11751.367 | Y4: =IF(X4>0,X4-(-$X$42)*($D4/SUMIF($X$3:$X$40,">0",$D$3:$D$40)),0) -> 11705.625 | Z4: =IF(Y4>0,Y4-(-$Y$42)*($D4/SUMIF($Y$3:$Y$40,">0",$D$3:$D$40)),0) -> 11704.356 | AA4: =Z4 -> 11704.356 | AB4: =AA4*1000000/($D4/48) -> 373.90466 | AC4: =H4*$AC$41 -> 2578.8029 | AD4: =M4-AC4 -> 3056.1505 | AE4: =T4+AD4 -> 12029.959 | AF4: =IF(AE4>0,AE4-($AE$47-$AE$41)*($D4/SUMIF($AE$3:$AE$40,">0",$D$3:$D$40)),0) -> 6031.7999 | AG4: =IF(AF4>0,AF4-(-$AF$42)*($D4/SUMIF($AF$3:$AF$40,">0",$D$3:$D$40)),0) -> 92.660507 | AH4: =IF(AG4>0,AG4-(-$AG$42)*($D4/SUMIF($AG$3:$AG$40,">0",$D$3:$D$40)),0) -> -1367.3526 | AI4: =IF(AH4>0,AH4-(-$AH$42)*($D4/SUMIF($AH$3:$AH$40,">0",$D$3:$D$40)),0) -> 0 | AJ4: =AI4 -> 0 | AK4: =AJ4*1000000/($D4/48) -> 0
A5: Brazil | B5: =DataFromRScriptForCalculations!B4 -> 215313498 | C5: =DataFromRScriptForCalculations!C4 -> 6162527373 | D5: =DataFromRScriptForCalculations!D4 -> 10870264040 | E5: =DataFromRScriptForCalculations!E4 -> 17032791413 | F5: =DataFromRScriptForCalculations!F4 -> 0.026998202 | G5: =DataFromRScriptForCalculations!G4 -> 0.028049182 | H5: =DataFromRScriptForCalculations!H4 -> 0.024072913 | I5: =DataFromRScriptForCalculations!I4 -> 0.025374351 | ... R5: =DataFromRScriptForCalculations!R4 -> 0.011384825 | S5: =G5*$L$41 -> 27725.754 | T5: =L5-S5 -> -14973.194 | U5: =H5*$U$41 -> 5416.4055 | V5: =M5-U5 -> 2198.5186 | W5: =V5+T5 -> -12774.676 | X5: =IF(W5>0,W5-($W$47-$W$41)*(D5/SUMIF($W$3:$W$40,">0",$D$3:$D$40)),0) -> 0 | Y5: =IF(X5>0,X5-(-$X$42)*($D5/SUMIF($X$3:$X$40,">0",$D$3:$D$40)),0) -> 0 | Z5: =IF(Y5>0,Y5-(-$Y$42)*($D5/SUMIF($Y$3:$Y$40,">0",$D$3:$D$40)),0) -> 0 | AA5: =Z5 -> 0 | AB5: =AA5*1000000/($D5/48) -> 0 | AC5: =H5*$AC$41 -> 18656.508 | AD5: =M5-AC5 -> -11041.584 | AE5: =T5+AD5 -> -26014.778 | AF5: =IF(AE5>0,AE5-($AE$47-$AE$41)*($D5/SUMIF($AE$3:$AE$40,">0",$D$3:$D$40)),0) -> 0 | AG5: =IF(AF5>0,AF5-(-$AF$42)*($D5/SUMIF($AF$3:$AF$40,">0",$D$3:$D$40)),0) -> 0 | AH5: =IF(AG5>0,AG5-(-$AG$42)*($D5/SUMIF($AG$3:$AG$40,">0",$D$3:$D$40)),0) -> 0 | AI5: =IF(AH5>0,AH5-(-$AH$42)*($D5/SUMIF($AH$3:$AH$40,">0",$D$3:$D$40)),0) -> 0 | AJ5: =AI5 -> 0 | AK5: =AJ5*1000000/($D5/48) -> 0
A6: Canada | B6: =DataFromRScriptForCalculations!B5 -> 38454327 | C6: =DataFromRScriptForCalculations!C5 -> 1082845881 | D6: =DataFromRScriptForCalculations!D5 -> 2150601835 | E6: =DataFromRScriptForCalculations!E5 -> 3233447716 | F6: =DataFromRScriptForCalculations!F5 -> 0.0048217956 | G6: =DataFromRScriptForCalculations!G5 -> 0.0049286501 | H6: =DataFromRScriptForCalculations!H5 -> 0.004762649 | I6: =DataFromRScriptForCalculations!I5 -> 0.0048169813 | ... R6: =DataFromRScriptForCalculations!R5 -> 0.013788351 | S6: =G6*$L$41 -> 4871.8191 | T6: =L6-S6 -> 13046.248 | U6: =H6*$U$41 -> 1071.596 | V6: =M6-U6 -> 5677.7352 | W6: =V6+T6 -> 18723.983 | X6: =IF(W6>0,W6-($W$47-$W$41)*(D6/SUMIF($W$3:$W$40,">0",$D$3:$D$40)),0) -> 15705.777 | Y6: =IF(X6>0,X6-(-$X$42)*($D6/SUMIF($X$3:$X$40,">0",$D$3:$D$40)),0) -> 15640.306 | Z6: =IF(Y6>0,Y6-(-$Y$42)*($D6/SUMIF($Y$3:$Y$40,">0",$D$3:$D$40)),0) -> 15638.489 | AA6: =Z6 -> 15638.489 | AB6: =AA6*1000000/($D6/48) -> 349.04066 | AC6: =H6*$AC$41 -> 3691.0529 | AD6: =M6-AC6 -> 3058.2782 | AE6: =T6+AD6 -> 16104.526 | AF6: =IF(AE6>0,AE6-($AE$47-$AE$41)*($D6/SUMIF($AE$3:$AE$40,">0",$D$3:$D$40)),0) -> 7519.3322 | AG6: =IF(AF6>0,AF6-(-$AF$42)*($D6/SUMIF($AF$3:$AF$40,">0",$D$3:$D$40)),0) -> -981.38649 | AH6: =IF(AG6>0,AG6-(-$AG$42)*($D6/SUMIF($AG$3:$AG$40,">0",$D$3:$D$40)),0) -> 0 | AI6: =IF(AH6>0,AH6-(-$AH$42)*($D6/SUMIF($AH$3:$AH$40,">0",$D$3:$D$40)),0) -> 0 | AJ6: =AI6 -> 0 | AK6: =AJ6*1000000/($D6/48) -> 0
A7: Chile | B7: =DataFromRScriptForCalculations!B6 -> 19603733 | C7: =DataFromRScriptForCalculations!C6 -> 541035161 | D7: =DataFromRScriptForCalculations!D6 -> 973218785 | E7: =DataFromRScriptForCalculations!E6 -> 1514253946 | F7: =DataFromRScriptForCalculations!F6 -> 0.0024581159 | G7: =DataFromRScriptForCalculations!G6 -> 0.00246256 | H7: =DataFromRScriptForCalculations!H6 -> 0.0021552569 | I7: =DataFromRScriptForCalculations!I6 -> 0.0022558376 | ... R7: =DataFromRScriptForCalculations!R6 -> 0.0019453344 | S7: =G7*$L$41 -> 2434.1649 | T7: =L7-S7 -> -319.05686 | U7: =H7*$U$41 -> 484.9328 | V7: =M7-U7 -> 880.16788 | W7: =V7+T7 -> 561.11103 | X7: =IF(W7>0,W7-($W$47-$W$41)*(D7/SUMIF($W$3:$W$40,">0",$D$3:$D$40)),0) -> -804.72754 | Y7: =IF(X7>0,X7-(-$X$42)*($D7/SUMIF($X$3:$X$40,">0",$D$3:$D$40)),0) -> 0 | Z7: =IF(Y7>0,Y7-(-$Y$42)*($D7/SUMIF($Y$3:$Y$40,">0",$D$3:$D$40)),0) -> 0 | AA7: =Z7 -> 0 | AB7: =AA7*1000000/($D7/48) -> 0 | AC7: =H7*$AC$41 -> 1670.3241 | AD7: =M7-AC7 -> -305.22341 | AE7: =T7+AD7 -> -624.28027 | AF7: =IF(AE7>0,AE7-($AE$47-$AE$41)*($D7/SUMIF($AE$3:$AE$40,">0",$D$3:$D$40)),0) -> 0 | AG7: =IF(AF7>0,AF7-(-$AF$42)*($D7/SUMIF($AF$3:$AF$40,">0",$D$3:$D$40)),0) -> 0 | AH7: =IF(AG7>0,AG7-(-$AG$42)*($D7/SUMIF($AG$3:$AG$40,">0",$D$3:$D$40)),0) -> 0 | AI7: =IF(AH7>0,AH7-(-$AH$42)*($D7/SUMIF($AH$3:$AH$40,">0",$D$3:$D$40)),0) -> 0 | AJ7: =AI7 -> 0 | AK7: =AJ7*1000000/($D7/48) -> 0
A8: China | B8: =DataFromRScriptForCalculations!B7 -> 1425887337 | C8: =DataFromRScriptForCalculations!C7 -> 43264697859 | D8: =DataFromRScriptForCalculations!D7 -> 62739096873 | E8: =DataFromRScriptForCalculations!E7 -> 106003794732 | F8: =DataFromRScriptForCalculations!F7 -> 0.17879229 | G8: =DataFromRScriptForCalculations!G7 -> 0.19692235 | H8: =DataFromRScriptForCalculations!H7 -> 0.13893985 | I8: =DataFromRScriptForCalculations!I7 -> 0.1579176 | ... R8: =DataFromRScriptForCalculations!R7 -> 0.26065087 | S8: =G8*$L$41 -> 194651.69 | T8: =L8-S8 -> 25207.69 | U8: =H8*$U$41 -> 31261.466 | V8: =M8-U8 -> 215184.29 | W8: =V8+T8 -> 240391.98 | X8: =IF(W8>0,W8-($W$47-$W$41)*(D8/SUMIF($W$3:$W$40,">0",$D$3:$D$40)),0) -> 152342.43 | Y8: =IF(X8>0,X8-(-$X$42)*($D8/SUMIF($X$3:$X$40,">0",$D$3:$D$40)),0) -> 150432.46 | Z8: =IF(Y8>0,Y8-(-$Y$42)*($D8/SUMIF($Y$3:$Y$40,">0",$D$3:$D$40)),0) -> 150379.47 | AA8: =Z8 -> 150379.47 | AB8: =AA8*1000000/($D8/48) -> 115.0513 | AC8: =H8*$AC$41 -> 107678.38 | AD8: =M8-AC8 -> 138767.38 | AE8: =T8+AD8 -> 163975.07 | AF8: =IF(AE8>0,AE8-($AE$47-$AE$41)*($D8/SUMIF($AE$3:$AE$40,">0",$D$3:$D$40)),0) -> -86479.15 | AG8: =IF(AF8>0,AF8-(-$AF$42)*($D8/SUMIF($AF$3:$AF$40,">0",$D$3:$D$40)),0) -> 0 | AH8: =IF(AG8>0,AG8-(-$AG$42)*($D8/SUMIF($AG$3:$AG$40,">0",$D$3:$D$40)),0) -> 0 | AI8: =IF(AH8>0,AH8-(-$AH$42)*($D8/SUMIF($AH$3:$AH$40,">0",$D$3:$D$40)),0) -> 0 | AJ8: =AI8 -> 0 | AK8: =AJ8*1000000/($D8/48) -> 0
A9: Colombia | B9: =DataFromRScriptForCalculations!B8 -> 51874024 | C9: =DataFromRScriptForCalculations!C8 -> 1400496278 | D9: =DataFromRScriptForCalculations!D8 -> 2671471093 | E9: =DataFromRScriptForCalculations!E8 -> 4071967371 | F9: =DataFromRScriptForCalculations!F8 -> 0.006504494 | G9: =DataFromRScriptForCalculations!G8 -> 0.0063744584 | H9: =DataFromRScriptForCalculations!H8 -> 0.0059161481 | I9: =DataFromRScriptForCalculations!I8 -> 0.0060661537 | ... R9: =DataFromRScriptForCalculations!R8 -> 0.0021650897 | S9: =G9*$L$41 -> 6300.9563 | T9: =L9-S9 -> -3909.4895 | U9: =H9*$U$41 -> 1331.1333 | V9: =M9-U9 -> 150.7513 | W9: =V9+T9 -> -3758.7382 | X9: =IF(W9>0,W9-($W$47-$W$41)*(D9/SUMIF($W$3:$W$40,">0",$D$3:$D$40)),0) -> 0 | Y9: =IF(X9>0,X9-(-$X$42)*($D9/SUMIF($X$3:$X$40,">0",$D$3:$D$40)),0) -> 0 | Z9: =IF(Y9>0,Y9-(-$Y$42)*($D9/SUMIF($Y$3:$Y$40,">0",$D$3:$D$40)),0) -> 0 | AA9: =Z9 -> 0 | AB9: =AA9*1000000/($D9/48) -> 0 | AC9: =H9*$AC$41 -> 4585.0148 | AD9: =M9-AC9 -> -3103.1302 | AE9: =T9+AD9 -> -7012.6196 | AF9: =IF(AE9>0,AE9-($AE$47-$AE$41)*($D9/SUMIF($AE$3:$AE$40,">0",$D$3:$D$40)),0) -> 0 | AG9: =IF(AF9>0,AF9-(-$AF$42)*($D9/SUMIF($AF$3:$AF$40,">0",$D$3:$D$40)),0) -> 0 | AH9: =IF(AG9>0,AG9-(-$AG$42)*($D9/SUMIF($AG$3:$AG$40,">0",$D$3:$D$40)),0) -> 0 | AI9: =IF(AH9>0,AH9-(-$AH$42)*($D9/SUMIF($AH$3:$AH$40,">0",$D$3:$D$40)),0) -> 0 | AJ9: =AI9 -> 0 | AK9: =AJ9*1000000/($D9/48) -> 0
A10: Costa Rica | B10: =DataFromRScriptForCalculations!B9 -> 5180829 | C10: =DataFromRScriptForCalculations!C9 -> 142193117 | D10: =DataFromRScriptForCalculations!D9 -> 267134950 | E10: =DataFromRScriptForCalculations!E9 -> 409328067 | F10: =DataFromRScriptForCalculations!F9 -> 0.00064962516 | G10: =DataFromRScriptForCalculations!G9 -> 0.00064720209 | H10: =DataFromRScriptForCalculations!H9 -> 0.00059158789 | I10: =DataFromRScriptForCalculations!I9 -> 0.00060979049 | ... R10: =DataFromRScriptForCalculations!R9 -> 0.00018688043 | S10: =G10*$L$41 -> 639.73938 | T10: =L10-S10 -> -428.56608 | U10: =H10*$U$41 -> 133.10727 | V10: =M10-U10 -> -9.9509584 | W10: =V10+T10 -> -438.51704 | X10: =IF(W10>0,W10-($W$47-$W$41)*(D10/SUMIF($W$3:$W$40,">0",$D$3:$D$40)),0) -> 0 | Y10: =IF(X10>0,X10-(-$X$42)*($D10/SUMIF($X$3:$X$40,">0",$D$3:$D$40)),0) -> 0 | Z10: =IF(Y10>0,Y10-(-$Y$42)*($D10/SUMIF($Y$3:$Y$40,">0",$D$3:$D$40)),0) -> 0 | AA10: =Z10 -> 0 | AB10: =AA10*1000000/($D10/48) -> 0 | AC10: =H10*$AC$41 -> 458.48061 | AD10: =M10-AC10 -> -335.3243 | AE10: =T10+AD10 -> -763.89038 | AF10: =IF(AE10>0,AE10-($AE$47-$AE$41)*($D10/SUMIF($AE$3:$AE$40,">0",$D$3:$D$40)),0) -> 0 | AG10: =IF(AF10>0,AF10-(-$AF$42)*($D10/SUMIF($AF$3:$AF$40,">0",$D$3:$D$40)),0) -> 0 | AH10: =IF(AG10>0,AG10-(-$AG$42)*($D10/SUMIF($AG$3:$AG$40,">0",$D$3:$D$40)),0) -> 0 | AI10: =IF(AH10>0,AH10-(-$AH$42)*($D10/SUMIF($AH$3:$AH$40,">0",$D$3:$D$40)),0) -> 0 | AJ10: =AI10 -> 0 | AK10: =AJ10*1000000/($D10/48) -> 0
A11: Egypt | B11: =DataFromRScriptForCalculations!B10 -> 110990103 | C11: =DataFromRScriptForCalculations!C10 -> 2711464435 | D11: =DataFromRScriptForCalculations!D10 -> 7324397186 | E11: =DataFromRScriptForCalculations!E10 -> 10035861621 | F11: =DataFromRScriptForCalculations!F10 -> 0.013917071 | G11: =DataFromRScriptForCalculations!G10 -> 0.012341423 | H11: =DataFromRScriptForCalculations!H10 -> 0.016220358 | I11: =DataFromRScriptForCalculations!I10 -> 0.014950778 | ... R11: =DataFromRScriptForCalculations!R10 -> 0.0083682257 | S11: =G11*$L$41 -> 12199.118 | T11: =L11-S11 -> -6546.3667 | U11: =H11*$U$41 -> 3649.5807 | V11: =M11-U11 -> 5668.4476 | W11: =V11+T11 -> -877.91908 | X11: =IF(W11>0,W11-($W$47-$W$41)*(D11/SUMIF($W$3:$W$40,">0",$D$3:$D$40)),0) -> 0 | Y11: =IF(X11>0,X11-(-$X$42)*($D11/SUMIF($X$3:$X$40,">0",$D$3:$D$40)),0) -> 0 | Z11: =IF(Y11>0,Y11-(-$Y$42)*($D11/SUMIF($Y$3:$Y$40,">0",$D$3:$D$40)),0) -> 0 | AA11: =Z11 -> 0 | AB11: =AA11*1000000/($D11/48) -> 0 | AC11: =H11*$AC$41 -> 12570.778 | AD11: =M11-AC11 -> -3252.7495 | AE11: =T11+AD11 -> -9799.1162 | AF11: =IF(AE11>0,AE11-($AE$47-$AE$41)*($D11/SUMIF($AE$3:$AE$40,">0",$D$3:$D$40)),0) -> 0 | AG11: =IF(AF11>0,AF11-(-$AF$42)*($D11/SUMIF($AF$3:$AF$40,">0",$D$3:$D$40)),0) -> 0 | AH11: =IF(AG11>0,AG11-(-$AG$42)*($D11/SUMIF($AG$3:$AG$40,">0",$D$3:$D$40)),0) -> 0 | AI11: =IF(AH11>0,AH11-(-$AH$42)*($D11/SUMIF($AH$3:$AH$40,">0",$D$3:$D$40)),0) -> 0 | AJ11: =AI11 -> 0 | AK11: =AJ11*1000000/($D11/48) -> 0
A12: Ethiopia | B12: =DataFromRScriptForCalculations!B11 -> 123379925 | C12: =DataFromRScriptForCalculations!C11 -> 2705779529 | D12: =DataFromRScriptForCalculations!D11 -> 9710285246 | E12: =DataFromRScriptForCalculations!E11 -> 12416064775 | F12: =DataFromRScriptForCalculations!F11 -> 0.015470633 | G12: =DataFromRScriptForCalculations!G11 -> 0.012315548 | H12: =DataFromRScriptForCalculations!H11 -> 0.021504064 | I12: =DataFromRScriptForCalculations!I11 -> 0.018496651 | ... R12: =DataFromRScriptForCalculations!R11 -> 0.00031377625 | S12: =G12*$L$41 -> 12173.541 | T12: =L12-S12 -> -11918.771 | U12: =H12*$U$41 -> 4838.4144 | V12: =M12-U12 -> -4531.838 | W12: =V12+T12 -> -16450.609 | X12: =IF(W12>0,W12-($W$47-$W$41)*(D12/SUMIF($W$3:$W$40,">0",$D$3:$D$40)),0) -> 0 | Y12: =IF(X12>0,X12-(-$X$42)*($D12/SUMIF($X$3:$X$40,">0",$D$3:$D$40)),0) -> 0 | Z12: =IF(Y12>0,Y12-(-$Y$42)*($D12/SUMIF($Y$3:$Y$40,">0",$D$3:$D$40)),0) -> 0 | AA12: =Z12 -> 0 | AB12: =AA12*1000000/($D12/48) -> 0 | AC12: =H12*$AC$41 -> 16665.65 | AD12: =M12-AC12 -> -16359.073 | AE12: =T12+AD12 -> -28277.844 | AF12: =IF(AE12>0,AE12-($AE$47-$AE$41)*($D12/SUMIF($AE$3:$AE$40,">0",$D$3:$D$40)),0) -> 0 | AG12: =IF(AF12>0,AF12-(-$AF$42)*($D12/SUMIF($AF$3:$AF$40,">0",$D$3:$D$40)),0) -> 0 | AH12: =IF(AG12>0,AG12-(-$AG$42)*($D12/SUMIF($AG$3:$AG$40,">0",$D$3:$D$40)),0) -> 0 | AI12: =IF(AH12>0,AH12-(-$AH$42)*($D12/SUMIF($AH$3:$AH$40,">0",$D$3:$D$40)),0) -> 0 | AJ12: =AI12 -> 0 | AK12: =AJ12*1000000/($D12/48) -> 0
A13: European Union | B13: =DataFromRScriptForCalculations!B12 -> 436930922 | C13: =DataFromRScriptForCalculations!C12 -> 13957030962 | D13: =DataFromRScriptForCalculations!D12 -> 19911902579 | E13: =DataFromRScriptForCalculations!E12 -> 33868933541 | F13: =DataFromRScriptForCalculations!F12 -> 0.054786854 | G13: =DataFromRScriptForCalculations!G12 -> 0.063526419 | H13: =DataFromRScriptForCalculations!H12 -> 0.044096216 | I13: =DataFromRScriptForCalculations!I12 -> 0.050455747 | ... R13: =DataFromRScriptForCalculations!R12 -> 0.083201015 | S13: =G13*$L$41 -> 62793.914 | T13: =L13-S13 -> 50351.023 | U13: =H13*$U$41 -> 9921.6485 | V13: =M13-U13 -> 25780.263 | W13: =V13+T13 -> 76131.286 | X13: =IF(W13>0,W13-($W$47-$W$41)*(D13/SUMIF($W$3:$W$40,">0",$D$3:$D$40)),0) -> 48186.444 | Y13: =IF(X13>0,X13-(-$X$42)*($D13/SUMIF($X$3:$X$40,">0",$D$3:$D$40)),0) -> 47580.265 | Z13: =IF(Y13>0,Y13-(-$Y$42)*($D13/SUMIF($Y$3:$Y$40,">0",$D$3:$D$40)),0) -> 47563.446 | AA13: =Z13 -> 47563.446 | AB13: =AA13*1000000/($D13/48) -> 114.65732 | AC13: =H13*$AC$41 -> 34174.567 | AD13: =M13-AC13 -> 1527.3445 | AE13: =T13+AD13 -> 51878.367 | AF13: =IF(AE13>0,AE13-($AE$47-$AE$41)*($D13/SUMIF($AE$3:$AE$40,">0",$D$3:$D$40)),0) -> -27609.866 | AG13: =IF(AF13>0,AF13-(-$AF$42)*($D13/SUMIF($AF$3:$AF$40,">0",$D$3:$D$40)),0) -> 0 | AH13: =IF(AG13>0,AG13-(-$AG$42)*($D13/SUMIF($AG$3:$AG$40,">0",$D$3:$D$40)),0) -> 0 | AI13: =IF(AH13>0,AH13-(-$AH$42)*($D13/SUMIF($AH$3:$AH$40,">0",$D$3:$D$40)),0) -> 0 | AJ13: =AI13 -> 0 | AK13: =AJ13*1000000/($D13/48) -> 0
A14: Gambia | B14: =DataFromRScriptForCalculations!B13 -> 2705992 | C14: =DataFromRScriptForCalculations!C13 -> 58804928 | D14: =DataFromRScriptForCalculations!D13 -> 210606063 | E14: =DataFromRScriptForCalculations!E13 -> 269410991 | F14: =DataFromRScriptForCalculations!F13 -> 0.00033930487 | G14: =DataFromRScriptForCalculations!G13 -> 0.00026765481 | H14: =DataFromRScriptForCalculations!H13 -> 0.00046640095 | I14: =DataFromRScriptForCalculations!I13 -> 0.00040135108 | ... R14: =DataFromRScriptForCalculations!R13 -> 1.5287008e-05 | S14: =G14*$L$41 -> 264.56856 | T14: =L14-S14 -> -251.53027 | U14: =H14*$U$41 -> 104.94021 | V14: =M14-U14 -> -90.629999 | W14: =V14+T14 -> -342.16027 | X14: =IF(W14>0,W14-($W$47-$W$41)*(D14/SUMIF($W$3:$W$40,">0",$D$3:$D$40)),0) -> 0 | Y14: =IF(X14>0,X14-(-$X$42)*($D14/SUMIF($X$3:$X$40,">0",$D$3:$D$40)),0) -> 0 | Z14: =IF(Y14>0,Y14-(-$Y$42)*($D14/SUMIF($Y$3:$Y$40,">0",$D$3:$D$40)),0) -> 0 | AA14: =Z14 -> 0 | AB14: =AA14*1000000/($D14/48) -> 0 | AC14: =H14*$AC$41 -> 361.46074 | AD14: =M14-AC14 -> -347.15052 | AE14: =T14+AD14 -> -598.6808 | AF14: =IF(AE14>0,AE14-($AE$47-$AE$41)*($D14/SUMIF($AE$3:$AE$40,">0",$D$3:$D$40)),0) -> 0 | AG14: =IF(AF14>0,AF14-(-$AF$42)*($D14/SUMIF($AF$3:$AF$40,">0",$D$3:$D$40)),0) -> 0 | AH14: =IF(AG14>0,AG14-(-$AG$42)*($D14/SUMIF($AG$3:$AG$40,">0",$D$3:$D$40)),0) -> 0 | AI14: =IF(AH14>0,AH14-(-$AH$42)*($D14/SUMIF($AH$3:$AH$40,">0",$D$3:$D$40)),0) -> 0 | AJ14: =AI14 -> 0 | AK14: =AJ14*1000000/($D14/48) -> 0
... A40: Viet Nam | B40: =DataFromRScriptForCalculations!B39 -> 98186856 | C40: =DataFromRScriptForCalculations!C39 -> 2764848874 | D40: =DataFromRScriptForCalculations!D39 -> 5033636847 | E40: =DataFromRScriptForCalculations!E39 -> 7798485721 | F40: =DataFromRScriptForCalculations!F39 -> 0.012311669 | G40: =DataFromRScriptForCalculations!G39 -> 0.012584406 | H40: =DataFromRScriptForCalculations!H39 -> 0.011147319 | I40: =DataFromRScriptForCalculations!I39 -> 0.01161768 | ... R40: =DataFromRScriptForCalculations!R39 -> 0.0064910102 | S40: =G40*$L$41 -> 12439.299 | T40: =L40-S40 -> -8130.9474 | U40: =H40*$U$41 -> 2508.1468 | V40: =M40-U40 -> 4795.937 | W40: =V40+T40 -> -3335.0105 | X40: =IF(W40>0,W40-($W$47-$W$41)*(D40/SUMIF($W$3:$W$40,">0",$D$3:$D$40)),0) -> 0 | Y40: =IF(X40>0,X40-(-$X$42)*($D40/SUMIF($X$3:$X$40,">0",$D$3:$D$40)),0) -> 0 | Z40: =IF(Y40>0,Y40-(-$Y$42)*($D40/SUMIF($Y$3:$Y$40,">0",$D$3:$D$40)),0) -> 0 | AA40: =Z40 -> 0 | AB40: =AA40*1000000/($D40/48) -> 0 | AC40: =H40*$AC$41 -> 8639.1724 | AD40: =M40-AC40 -> -1335.0886 | AE40: =T40+AD40 -> -9466.0361 | AF40: =IF(AE40>0,AE40-($AE$47-$AE$41)*($D40/SUMIF($AE$3:$AE$40,">0",$D$3:$D$40)),0) -> 0 | AG40: =IF(AF40>0,AF40-(-$AF$42)*($D40/SUMIF($AF$3:$AF$40,">0",$D$3:$D$40)),0) -> 0 | AH40: =IF(AG40>0,AG40-(-$AG$42)*($D40/SUMIF($AG$3:$AG$40,">0",$D$3:$D$40)),0) -> 0 | AI40: =IF(AH40>0,AH40-(-$AH$42)*($D40/SUMIF($AH$3:$AH$40,">0",$D$3:$D$40)),0) -> 0 | AJ40: =AI40 -> 0 | AK40: =AJ40*1000000/($D40/48) -> 0
A41: World | B41: =DataFromRScriptForCalculations!B40 -> 7975105156 | C41: =DataFromRScriptForCalculations!C40 -> 219704354981 | D41: =DataFromRScriptForCalculations!D40 -> 451555815400 | E41: =DataFromRScriptForCalculations!E40 -> 671260170381 | F41: =DataFromRScriptForCalculations!F40 -> 1 | G41: =DataFromRScriptForCalculations!G40 -> 1 | H41: =DataFromRScriptForCalculations!H40 -> 1 | I41: =DataFromRScriptForCalculations!I40 -> 1 | K41: =DataFromRScriptForCalculations!K40 -> 37176.822 | L41: =DataFromRScriptForCalculations!L40 -> 988469.27 | M41: =DataFromRScriptForCalculations!M40 -> 800533.52 | N41: =DataFromRScriptForCalculations!N40 -> 1789002.8 | O41: =DataFromRScriptForCalculations!O40 -> 1 | P41: =DataFromRScriptForCalculations!P40 -> 1 | Q41: =DataFromRScriptForCalculations!Q40 -> 1 | R41: =DataFromRScriptForCalculations!R40 -> 1 | S41: =G41*$L$41 -> 988469.27 | T41: =L41-S41 -> 0 | U41: =250000-25000 -> 225000 | V41: =M41-U41 -> 575533.52 | W41: =V41+T41 -> 575533.52 | X41: =SUM(X3:X40) -> 575533.52 | Y41: =SUM(Y3:Y40) -> 575533.52 | Z41: =SUM(Z3:Z40) -> 575533.52 | AA41: =Z41 -> 575533.52 | AB41: =AA41*1000000/($D41/48) -> 61.178725 | AC41: =800000-25000 -> 775000 | AD41: =M41-AC41 -> 25533.522 | AE41: =T41+AD41 -> 25533.522 | AF41: =SUM(AF3:AF40) -> 25533.522 | AG41: =SUM(AG3:AG40) -> 25533.522 | AH41: =SUM(AH3:AH40) -> 25533.522 | AI41: =SUM(AI3:AI40) -> 25533.522 | AJ41: =AI41 -> 25533.522 | AK41: =AJ41*1000000/($D41/48) -> 2.7141918
U42: Emission allowances pool: | W42: =W41-W47 -> -213694.03 | X42: =SUMIF(X3:X40,"<0") -> -4419.429 | Y42: =SUMIF(Y3:Y40,"<0") -> -116.9543 | Z42: =SUMIF(Z3:Z40,"<0") -> 0 | AC42: Emission allowances pool: | AE42: =AE41-AE47 -> -581353.75 | AF42: =SUMIF(AF3:AF40,"<0") -> -173759.86 | AG42: =SUMIF(AG3:AG40,"<0") -> -27597.187 | AH42: =SUMIF(AH3:AH40,"<0") -> -1367.3526 | AI42: =SUMIF(AI3:AI40,"<0") -> 0
W43: Sum of countries with positive total excessive carbon claims: | AE43: Sum of countries with positive total excessive carbon claims:
W47: =SUMIF($W$3:$W$40,">0") -> 789227.55 | AE47: =SUMIF($AE$3:$AE$40,">0") -> 606887.28

Sheet Table 2
A1: Country | B1: Economic Development | C1: Temperature Target | D1: Allocation principle for remaining carbon budget | E1: Redistribution principle for emission allowances pool | F1: Assumed starting year for carbon debt (0 = no carbon debt) | G1: GDP per capita in 2022 ( current USD) | H1: Carbon debt (MtCO₂) | I1: Planned emissions (future carbon claim) (MtCO₂) | J1: Excessive carbon claim (MtCO₂) | K1: Total excessive carbon claim (MtCO₂) | L1: Additional Carbon Accountability (MtCO₂) | M1: Additional Carbon Accountability per capita (tCO₂)
A2: Norway | B2: High | C2: 1.5 | D2: Equal cumulative per capita (main case) | E2: Equal cumulative per capita (main case) | F2: 1990 | G2: 108798.45 | H2: 680.7748 | I2: 378.3233 | J2: 229.63103 | K2: 910.40584 | L2: 482.26962 | M2: 77.573578
A3: Switzerland | B3: High | C3: 1.5 | D3: Equal cumulative per capita (main case) | E3: Equal cumulative per capita (main case) | F3: 1990 | G3: 93259.906 | H3: 258.88763 | I3: 547.64012 | J3: 318.67706 | K3: 577.56469 | L3: 0 | M3: 0
A4: Singapore | B4: High | C4: 1.5 | D4: Equal cumulative per capita (main case) | E4: Equal cumulative per capita (main case) | F4: 1990 | G4: 88428.702 | H4: 873.63249 | I4: 855.97719 | J4: 706.88175 | K4: 1580.5142 | L4: 1151.2172 | M4: 184.67377
A5: United States | B5: High | C5: 1.5 | D5: Equal cumulative per capita (main case) | E5: Equal cumulative per capita (main case) | F5: 1990 | G5: 77246.674 | H5: 138704.84 | I5: 62672.691 | J5: 53843.683 | K5: 192548.52 | L5: 167126.77 | M5: 452.73746
A6: Australia | B6: High | C6: 1.5 | D6: Equal cumulative per capita (main case) | E6: Equal cumulative per capita (main case) | F6: 1990 | G6: 65077.677 | H6: 8973.8083 | I6: 5634.9533 | J6: 4886.2686 | K6: 13860.077 | L6: 11704.356 | M6: 373.90466
A7: Canada | B7: High | C7: 1.5 | D7: Equal cumulative per capita (main case) | E7: Equal cumulative per capita (main case) | F7: 1990 | G7: 55509.393 | H7: 13046.248 | I7: 6749.3312 | J7: 5677.7352 | K7: 18723.983 | L7: 15638.489 | M7: 349.04066
A8: United Arab Emirates | B8: High | C8: 1.5 | D8: Equal cumulative per capita (main case) | E8: Equal cumulative per capita (main case) | F8: 1990 | G8: 53707.98 | H8: 3848.3307 | I8: 5338.0929 | J8: 5071.971 | K8: 8920.3017 | L8: 8154.045 | M8: 732.83251
A9: New Zealand | B9: High | C9: 1.5 | D9: Equal cumulative per capita (main case) | E9: Equal cumulative per capita (main case) | F9: 1990 | G9: 48216.51 | H9: 473.87348 | I9: 434.70545 | J9: 295.4997 | K9: 769.37318 | L9: 368.55193 | M9: 63.321885
A10: United Kingdom | B10: High | C10: 1.5 | D10: Equal cumulative per capita (main case) | E10: Equal cumulative per capita (main case) | F10: 1990 | G10: 45564.157 | H10: 7590.2203 | I10: 4128.2916 | J10: 2436.3778 | K10: 10026.598 | L10: 5154.996 | M10: 72.872287
A11: European Union | B11: High | C11: 1.5 | D11: Equal cumulative per capita (main case) | E11: Equal cumulative per capita (main case) | F11: 1990 | G11: 37466.696 | H11: 50351.023 | I11: 35701.912 | J11: 25780.263 | K11: 76131.286 | L11: 47563.446 | M11: 114.65732
A12: Japan | B12: High | C12: 1.5 | D12: Equal cumulative per capita (main case) | E12: Equal cumulative per capita (main case) | F12: 1990 | G12: 34017.272 | H12: 21327.818 | I12: 14242.312 | J12: 11697.626 | K12: 33025.443 | L12: 25698.416 | M12: 241.53742
A13: South Korea | B13: High | C13: 1.5 | D13: Equal cumulative per capita (main case) | E13: Equal cumulative per capita (main case) | F13: 1990 | G13: 32394.683 | H13: 9510.34 | I13: 8489.678 | J13: 7391.6285 | K13: 16901.968 | L13: 13740.306 | M13: 299.28626
... A40: World | B40: World | C40: 1.5 | D40: Equal cumulative per capita (main case) | E40: Equal cumulative per capita (main case) | F40: 1990 | G40: 12730.157 | H40: 0 | I40: 800533.5 | J40: 575533.52 | K40: 575533.52 | L40: 575533.52 | M40: 61.178725

Sheet Table 3
A1: Countries | B1: Share of world population 2023-2070 | C1: Carbon Debt 1990-2022 (MtCO₂) | D1: Excessive Carbon Claim 2023-2070 (MtCO₂) | E1: Total Excessive Carbon Claims (MtCO₂) | F1: Planned emissions 2023-2070 per capita (tCO₂)
A2: United States | B2: =VLOOKUP($A2,CalculationSheet!$A$2:$AK$41,8,FALSE()) -> 0.039240036 | C2: =VLOOKUP($A2,CalculationSheet!$A$2:$AK$41,20,FALSE()) -> 138704.84 | D2: =VLOOKUP($A2,CalculationSheet!$A$2:$AK$41,22,FALSE()) -> 53843.683 | E2: =VLOOKUP($A2,CalculationSheet!$A$2:$AK$41,23,FALSE()) -> 192548.52 | F2: =VLOOKUP($A2,CalculationSheet!$A$2:$AK$41,13,FALSE())/(VLOOKUP($A2,CalculationSheet!$A$2:$AK$41,4,FALSE())/48)*1000000 -> 169.77696
A3: European Union | B3: =VLOOKUP($A3,CalculationSheet!$A$2:$AK$41,8,FALSE()) -> 0.044096216 | C3: =VLOOKUP($A3,CalculationSheet!$A$2:$AK$41,20,FALSE()) -> 50351.023 | D3: =VLOOKUP($A3,CalculationSheet!$A$2:$AK$41,22,FALSE()) -> 25780.263 | E3: =VLOOKUP($A3,CalculationSheet!$A$2:$AK$41,23,FALSE()) -> 76131.286 | F3: =VLOOKUP($A3,CalculationSheet!$A$2:$AK$41,13,FALSE())/(VLOOKUP($A3,CalculationSheet!$A$2:$AK$41,4,FALSE())/48)*1000000 -> 86.063687
A4: United Kingdom | B4: =VLOOKUP($A4,CalculationSheet!$A$2:$AK$41,8,FALSE()) -> 0.0075196171 | C4: =VLOOKUP($A4,CalculationSheet!$A$2:$AK$41,20,FALSE()) -> 7590.2203 | D4: =VLOOKUP($A4,CalculationSheet!$A$2:$AK$41,22,FALSE()) -> 2436.3778 | E4: =VLOOKUP($A4,CalculationSheet!$A$2:$AK$41,23,FALSE()) -> 10026.598 | F4: =VLOOKUP($A4,CalculationSheet!$A$2:$AK$41,13,FALSE())/(VLOOKUP($A4,CalculationSheet!$A$2:$AK$41,4,FALSE())/48)*1000000 -> 58.358543
A5: Canada | B5: =VLOOKUP($A5,CalculationSheet!$A$2:$AK$41,8,FALSE()) -> 0.004762649 | C5: =VLOOKUP($A5,CalculationSheet!$A$2:$AK$41,20,FALSE()) -> 13046.248 | D5: =VLOOKUP($A5,CalculationSheet!$A$2:$AK$41,22,FALSE()) -> 5677.7352 | E5: =VLOOKUP($A5,CalculationSheet!$A$2:$AK$41,23,FALSE()) -> 18723.983 | F5: =VLOOKUP($A5,CalculationSheet!$A$2:$AK$41,13,FALSE())/(VLOOKUP($A5,CalculationSheet!$A$2:$AK$41,4,FALSE())/48)*1000000 -> 150.64058
A6: Japan | B6: =VLOOKUP($A6,CalculationSheet!$A$2:$AK$41,8,FALSE()) -> 0.011309717 | C6: =VLOOKUP($A6,CalculationSheet!$A$2:$AK$41,20,FALSE()) -> 21327.818 | D6: =VLOOKUP($A6,CalculationSheet!$A$2:$AK$41,22,FALSE()) -> 11697.626 | E6: =VLOOKUP($A6,CalculationSheet!$A$2:$AK$41,23,FALSE()) -> 33025.443 | F6: =VLOOKUP($A6,CalculationSheet!$A$2:$AK$41,13,FALSE())/(VLOOKUP($A6,CalculationSheet!$A$2:$AK$41,4,FALSE())/48)*1000000 -> 133.86239
A7: Sum G7 | B7: =SUM(B2:B6) -> 0.10692823 | C7: =SUM(C2:C6) -> 231020.15 | D7: =SUM(D2:D6) -> 99435.685 | E7: =SUM(E2:E6) -> 330455.83
A9: Brazil | B9: =VLOOKUP($A9,CalculationSheet!$A$2:$AK$41,8,FALSE()) -> 0.024072913 | C9: =VLOOKUP($A9,CalculationSheet!$A$2:$AK$41,20,FALSE()) -> -14973.194 | D9: =VLOOKUP($A9,CalculationSheet!$A$2:$AK$41,22,FALSE()) -> 2198.5186 | E9: =VLOOKUP($A9,CalculationSheet!$A$2:$AK$41,23,FALSE()) -> -12774.676 | F9: =VLOOKUP($A9,CalculationSheet!$A$2:$AK$41,13,FALSE())/(VLOOKUP($A9,CalculationSheet!$A$2:$AK$41,4,FALSE())/48)*1000000 -> 33.625343
A10: Russia | B10: =VLOOKUP($A10,CalculationSheet!$A$2:$AK$41,8,FALSE()) -> 0.014252784 | C10: =VLOOKUP($A10,CalculationSheet!$A$2:$AK$41,20,FALSE()) -> 33725.945 | D10: =VLOOKUP($A10,CalculationSheet!$A$2:$AK$41,22,FALSE()) -> 39834.503 | E10: =VLOOKUP($A10,CalculationSheet!$A$2:$AK$41,23,FALSE()) -> 73560.448 | F10: =VLOOKUP($A10,CalculationSheet!$A$2:$AK$41,13,FALSE())/(VLOOKUP($A10,CalculationSheet!$A$2:$AK$41,4,FALSE())/48)*1000000 -> 321.0083
A11: India | B11: =VLOOKUP($A11,CalculationSheet!$A$2:$AK$41,8,FALSE()) -> 0.17225107 | C11: =VLOOKUP($A11,CalculationSheet!$A$2:$AK$41,20,FALSE()) -> -123182.44 | D11: =VLOOKUP($A11,CalculationSheet!$A$2:$AK$41,22,FALSE()) -> 53336.67 | E11: =VLOOKUP($A11,CalculationSheet!$A$2:$AK$41,23,FALSE()) -> -69845.773 | F11: =VLOOKUP($A11,CalculationSheet!$A$2:$AK$41,13,FALSE())/(VLOOKUP($A11,CalculationSheet!$A$2:$AK$41,4,FALSE())/48)*1000000 -> 56.832303
A12: China | B12: =VLOOKUP($A12,CalculationSheet!$A$2:$AK$41,8,FALSE()) -> 0.13893985 | C12: =VLOOKUP($A12,CalculationSheet!$A$2:$AK$41,20,FALSE()) -> 25207.69 | D12: =VLOOKUP($A12,CalculationSheet!$A$2:$AK$41,22,FALSE()) -> 215184.29 | E12: =VLOOKUP($A12,CalculationSheet!$A$2:$AK$41,23,FALSE()) -> 240391.98 | F12: =VLOOKUP($A12,CalculationSheet!$A$2:$AK$41,13,FALSE())/(VLOOKUP($A12,CalculationSheet!$A$2:$AK$41,4,FALSE())/48)*1000000 -> 188.54904
A13: South Africa | B13: =VLOOKUP($A13,CalculationSheet!$A$2:$AK$41,8,FALSE()) -> 0.0075421163 | C13: =VLOOKUP($A13,CalculationSheet!$A$2:$AK$41,20,FALSE()) -> 6131.6494 | D13: =VLOOKUP($A13,CalculationSheet!$A$2:$AK$41,22,FALSE()) -> 4550.8432 | E13: =VLOOKUP($A13,CalculationSheet!$A$2:$AK$41,23,FALSE()) -> 10682.493 | F13: =VLOOKUP($A13,CalculationSheet!$A$2:$AK$41,13,FALSE())/(VLOOKUP($A13,CalculationSheet!$A$2:$AK$41,4,FALSE())/48)*1000000 -> 88.057234
A14: United Arab Emirates | B14: =VLOOKUP($A14,CalculationSheet!$A$2:$AK$41,8,FALSE()) -> 0.0011827642 | C14: =VLOOKUP($A14,CalculationSheet!$A$2:$AK$41,20,FALSE()) -> 3848.3307 | D14: =VLOOKUP($A14,CalculationSheet!$A$2:$AK$41,22,FALSE()) -> 5071.971 | E14: =VLOOKUP($A14,CalculationSheet!$A$2:$AK$41,23,FALSE()) -> 8920.3017 | F14: =VLOOKUP($A14,CalculationSheet!$A$2:$AK$41,13,FALSE())/(VLOOKUP($A14,CalculationSheet!$A$2:$AK$41,4,FALSE())/48)*1000000 -> 479.75306
A15: Iran | B15: =VLOOKUP($A15,CalculationSheet!$A$2:$AK$41,8,FALSE()) -> 0.010211169 | C15: =VLOOKUP($A15,CalculationSheet!$A$2:$AK$41,20,FALSE()) -> 4823.0622 | D15: =VLOOKUP($A15,CalculationSheet!$A$2:$AK$41,22,FALSE()) -> 30002.668 | E15: =VLOOKUP($A15,CalculationSheet!$A$2:$AK$41,23,FALSE()) -> 34825.731 | F15: =VLOOKUP($A15,CalculationSheet!$A$2:$AK$41,13,FALSE())/(VLOOKUP($A15,CalculationSheet!$A$2:$AK$41,4,FALSE())/48)*1000000 -> 336.24769
A16: Egypt | B16: =VLOOKUP($A16,CalculationSheet!$A$2:$AK$41,8,FALSE()) -> 0.016220358 | C16: =VLOOKUP($A16,CalculationSheet!$A$2:$AK$41,20,FALSE()) -> -6546.3667 | D16: =VLOOKUP($A16,CalculationSheet!$A$2:$AK$41,22,FALSE()) -> 5668.4476 | E16: =VLOOKUP($A16,CalculationSheet!$A$2:$AK$41,23,FALSE()) -> -877.91908 | F16: =VLOOKUP($A16,CalculationSheet!$A$2:$AK$41,13,FALSE())/(VLOOKUP($A16,CalculationSheet!$A$2:$AK$41,4,FALSE())/48)*1000000 -> 61.065142
A17: Ethiopia | B17: =VLOOKUP($A17,CalculationSheet!$A$2:$AK$41,8,FALSE()) -> 0.021504064 | C17: =VLOOKUP($A17,CalculationSheet!$A$2:$AK$41,20,FALSE()) -> -11918.771 | D17: =VLOOKUP($A17,CalculationSheet!$A$2:$AK$41,22,FALSE()) -> -4531.838 | E17: =VLOOKUP($A17,CalculationSheet!$A$2:$AK$41,23,FALSE()) -> -16450.609 | F17: =VLOOKUP($A17,CalculationSheet!$A$2:$AK$41,13,FALSE())/(VLOOKUP($A17,CalculationSheet!$A$2:$AK$41,4,FALSE())/48)*1000000 -> 1.5154725
A18: Sum BRICS+ | B18: =SUM(B9:B17) -> 0.40617709 | C18: =SUM(C9:C17) -> -82884.098 | D18: =SUM(D9:D17) -> 351316.08 | E18: =SUM(E9:E17) -> 268431.98

Sheet Table 4
A1: Countries | B1: Cost of Accountability if 150 USD per tonne as share of 2021 GDP | C1: Year of Net-Zero Target (NZT) * | D1: GDP per capita for 2021 (current USD per capita) | E1: Cost of Accountability per year (NZT to 2100) as percentage of GDP (2021) | F1: Military expenditures per year as percentage of GDP (2021) | G1: Additional Carbon Accountability (MtCO₂) | H1: Military expenditures for 2021 (million USD current) | I1: GDP for 2021 (current USD)
A2: =CalculationSheet!A5 -> Brazil | B2: =IFERROR(G2*150*1000000/I2,"") | C2: =CalculationSheet!J5 -> 2050 | D2: =DataFromRScriptForCalculations!T4 -> 7794.881 | E2: =IFERROR((G2*1000000*150/(2100-C2))/I2,"") | F2: =H2*1000000/I2 -> 0 | G2: =IF(CalculationSheet!AA5=0,"",CalculationSheet!AA5) | I2: =DataFromRScriptForCalculations!S4 -> 1.6706474e+12
A3: =CalculationSheet!A9 -> Colombia | B3: =IFERROR(G3*150*1000000/I3,"") | C3: =CalculationSheet!J9 -> 2050 | D3: =DataFromRScriptForCalculations!T8 -> 6182.9559 | E3: =IFERROR((G3*1000000*150/(2100-C3))/I3,"") | F3: =H3*1000000/I3 -> 0 | G3: =IF(CalculationSheet!AA9=0,"",CalculationSheet!AA9) | I3: =DataFromRScriptForCalculations!S8 -> 3.1852463e+11
A4: =CalculationSheet!A10 -> Costa Rica | B4: =IFERROR(G4*150*1000000/I4,"") | C4: =CalculationSheet!J10 -> 2050 | D4: =DataFromRScriptForCalculations!T9 -> 12604.049 | E4: =IFERROR((G4*1000000*150/(2100-C4))/I4,"") | F4: =H4*1000000/I4 -> 0 | G4: =IF(CalculationSheet!AA10=0,"",CalculationSheet!AA10) | I4: =DataFromRScriptForCalculations!S9 -> 6.4960726e+10
A5: =CalculationSheet!A11 -> Egypt | B5: =IFERROR(G5*150*1000000/I5,"") | C5: =CalculationSheet!J11 -> 2070 | D5: =DataFromRScriptForCalculations!T10 -> 3886.7225 | E5: =IFERROR((G5*1000000*150/(2100-C5))/I5,"") | F5: =H5*1000000/I5 -> 0 | G5: =IF(CalculationSheet!AA11=0,"",CalculationSheet!AA11) | I5: =DataFromRScriptForCalculations!S10 -> 4.2467177e+11
A6: =CalculationSheet!A12 -> Ethiopia | B6: =IFERROR(G6*150*1000000/I6,"") | C6: =CalculationSheet!J12 -> 2060 | D6: =DataFromRScriptForCalculations!T11 -> 925.0007 | E6: =IFERROR((G6*1000000*150/(2100-C6))/I6,"") | F6: =H6*1000000/I6 -> 0 | G6: =IF(CalculationSheet!AA12=0,"",CalculationSheet!AA12) | I6: =DataFromRScriptForCalculations!S11 -> 1.1126188e+11
A7: =CalculationSheet!A14 -> Gambia | B7: =IFERROR(G7*150*1000000/I7,"") | C7: =CalculationSheet!J14 -> 2050 | D7: =DataFromRScriptForCalculations!T13 -> 762.96323 | E7: =IFERROR((G7*1000000*150/(2100-C7))/I7,"") | F7: =H7*1000000/I7 -> 0 | G7: =IF(CalculationSheet!AA14=0,"",CalculationSheet!AA14) | I7: =DataFromRScriptForCalculations!S13 -> 2.0141588e+09
A8: =CalculationSheet!A15 -> India | B8: =IFERROR(G8*150*1000000/I8,"") | C8: =CalculationSheet!J15 -> 2070 | D8: =DataFromRScriptForCalculations!T14 -> 2250.179 | E8: =IFERROR((G8*1000000*150/(2100-C8))/I8,"") | F8: =H8*1000000/I8 -> 0.024105455 | G8: =IF(CalculationSheet!AA15=0,"",CalculationSheet!AA15) | H8: 76348.5 | I8: =DataFromRScriptForCalculations!S14 -> 3.1672706e+12
A9: =CalculationSheet!A16 -> Indonesia | B9: =IFERROR(G9*150*1000000/I9,"") | C9: =CalculationSheet!J16 -> 2060 | D9: =DataFromRScriptForCalculations!T15 -> 4334.2315 | E9: =IFERROR((G9*1000000*150/(2100-C9))/I9,"") | F9: =H9*1000000/I9 -> 0 | G9: =IF(CalculationSheet!AA16=0,"",CalculationSheet!AA16) | I9: =DataFromRScriptForCalculations!S15 -> 1.1865097e+12
A10: =CalculationSheet!A20 -> Kenya | B10: =IFERROR(G10*150*1000000/I10,"") | C10: =CalculationSheet!J20 -> 2070 | D10: =DataFromRScriptForCalculations!T19 -> 2069.6611 | E10: =IFERROR((G10*1000000*150/(2100-C10))/I10,"") | F10: =H10*1000000/I10 -> 0 | G10: =IF(CalculationSheet!AA20=0,"",CalculationSheet!AA20) | I10: =DataFromRScriptForCalculations!S19 -> 1.0970366e+11
A11: =CalculationSheet!A22 -> Morocco | B11: =IFERROR(G11*150*1000000/I11,"") | C11: =CalculationSheet!J22 -> 2070 | D11: =DataFromRScriptForCalculations!T21 -> 3767.5249 | E11: =IFERROR((G11*1000000*150/(2100-C11))/I11,"") | F11: =H11*1000000/I11 -> 0 | G11: =IF(CalculationSheet!AA22=0,"",CalculationSheet!AA22) | I11: =DataFromRScriptForCalculations!S21 -> 1.418178e+11
A12: =CalculationSheet!A24 -> Nigeria | B12: =IFERROR(G12*150*1000000/I12,"") | C12: =CalculationSheet!J24 -> 2060 | D12: =DataFromRScriptForCalculations!T23 -> 2065.7744 | E12: =IFERROR((G12*1000000*150/(2100-C12))/I12,"") | F12: =H12*1000000/I12 -> 0 | G12: =IF(CalculationSheet!AA24=0,"",CalculationSheet!AA24) | I12: =DataFromRScriptForCalculations!S23 -> 4.4083899e+11
A13: =CalculationSheet!A26 -> Peru | B13: =IFERROR(G13*150*1000000/I13,"") | C13: =CalculationSheet!J26 -> 2050 | D13: =DataFromRScriptForCalculations!T25 -> 6713.6621 | E13: =IFERROR((G13*1000000*150/(2100-C13))/I13,"") | F13: =H13*1000000/I13 -> 0 | G13: =IF(CalculationSheet!AA26=0,"",CalculationSheet!AA26) | I13: =DataFromRScriptForCalculations!S25 -> 2.2635428e+11
A14: =CalculationSheet!A27 -> Philippines | B14: =IFERROR(G14*150*1000000/I14,"") | C14: =CalculationSheet!J27 -> 2070 | D14: =DataFromRScriptForCalculations!T26 -> 3460.5394 | E14: =IFERROR((G14*1000000*150/(2100-C14))/I14,"") | F14: =H14*1000000/I14 -> 0 | G14: =IF(CalculationSheet!AA27=0,"",CalculationSheet!AA27) | I14: =DataFromRScriptForCalculations!S26 -> 3.9408736e+11
A15: =CalculationSheet!A28 -> Rest of world | B15: =IFERROR(G15*150*1000000/I15,"") | C15: =CalculationSheet!J28 -> 2070 | D15: =DataFromRScriptForCalculations!T27 -> 3634.7239 | E15: =IFERROR((G15*1000000*150/(2100-C15))/I15,"") | F15: =H15*1000000/I15 -> 0 | G15: =IF(CalculationSheet!AA28=0,"",CalculationSheet!AA28) | I15: =DataFromRScriptForCalculations!S27 -> 7.055017e+12
A16: =CalculationSheet!A40 -> Viet Nam | B16: =IFERROR(G16*150*1000000/I16,"") | C16: =CalculationSheet!J40 -> 2050 | E16: =IFERROR((G16*1000000*150/(2100-C16))/I16,"") | F16: =H16*1000000/I16 -> 0 | G16: =IF(CalculationSheet!AA40=0,"",CalculationSheet!AA40) | I16: =DataFromRScriptForCalculations!S39 -> 3.6647475e+11
A17: =CalculationSheet!A21 -> Mexico | B17: =IFERROR(G17*150*1000000/I17,"") | C17: =CalculationSheet!J21 -> 2070 | D17: =DataFromRScriptForCalculations!T20 -> 10363.193 | E17: =IFERROR((G17*1000000*150/(2100-C17))/I17,"") | F17: =H17*1000000/I17 -> 0.006611073 | G17: =IF(CalculationSheet!AA21=0,"",CalculationSheet!AA21) | H17: 8680.8 | I17: =DataFromRScriptForCalculations!S20 -> 1.3130698e+12
A18: =CalculationSheet!A35 -> Thailand | B18: =IFERROR(G18*150*1000000/I18,"") | C18: =CalculationSheet!J35 -> 2065 | D18: =DataFromRScriptForCalculations!T34 -> 7070.5125 | E18: =IFERROR((G18*1000000*150/(2100-C18))/I18,"") | F18: =H18*1000000/I18 -> 0.013072622 | G18: =IF(CalculationSheet!AA35=0,"",CalculationSheet!AA35) | H18: 6618.1 | I18: =DataFromRScriptForCalculations!S34 -> 5.0625649e+11
A19: =CalculationSheet!A3 -> Argentina | B19: =IFERROR(G19*150*1000000/I19,"") | C19: =CalculationSheet!J3 -> 2050 | D19: =DataFromRScriptForCalculations!T2 -> 10650.86 | E19: =IFERROR((G19*1000000*150/(2100-C19))/I19,"") | F19: =H19*1000000/I19 -> 0.0062992084 | G19: =IF(CalculationSheet!AA3=0,"",CalculationSheet!AA3) | H19: 3073.4 | I19: =DataFromRScriptForCalculations!S2 -> 4.8790257e+11
A20: =CalculationSheet!A7 -> Chile | B20: =IFERROR(G20*150*1000000/I20,"") | C20: =CalculationSheet!J7 -> 2050 | D20: =DataFromRScriptForCalculations!T6 -> 16185.915 | E20: =IFERROR((G20*1000000*150/(2100-C20))/I20,"") | F20: =H20*1000000/I20 -> 0.019394957 | G20: =IF(CalculationSheet!AA7=0,"",CalculationSheet!AA7) | H20: 6119.4 | I20: =DataFromRScriptForCalculations!S6 -> 3.1551501e+11
A21: =CalculationSheet!A34 -> Switzerland | B21: =IFERROR(G21*150*1000000/I21,"") | C21: =CalculationSheet!J34 -> 2050 | D21: =DataFromRScriptForCalculations!T33 -> 93446.434 | E21: =IFERROR((G21*1000000*150/(2100-C21))/I21,"") | F21: =H21*1000000/I21 -> 0.0076394552 | G21: =IF(CalculationSheet!AA34=0,"",CalculationSheet!AA34) | H21: 6214 | I21: =DataFromRScriptForCalculations!S33 -> 8.1340879e+11
A22: =CalculationSheet!A17 -> Iran | B22: =IFERROR(G22*150*1000000/I22,"") -> 11.783894 | C22: =CalculationSheet!J17 -> 2070 | D22: =DataFromRScriptForCalculations!T16 -> 4084.2003 | E22: =IFERROR((G22*1000000*150/(2100-C22))/I22,"") -> 0.39279648 | F22: =H22*1000000/I22 -> 0.015015445 | G22: =IF(CalculationSheet!AA17=0,"",CalculationSheet!AA17) -> 28210.4 | H22: 5392 | I22: =DataFromRScriptForCalculations!S16 -> 3.5909691e+11
A23: =CalculationSheet!A19 -> Kazakhstan | B23: =IFERROR(G23*150*1000000/I23,"") -> 6.2400489 | C23: =CalculationSheet!J19 -> 2060 | D23: =DataFromRScriptForCalculations!T18 -> 10270.887 | E23: =IFERROR((G23*1000000*150/(2100-C23))/I23,"") -> 0.15600122 | F23: =H23*1000000/I23 -> 0.0082075059 | G23: =IF(CalculationSheet!AA19=0,"",CalculationSheet!AA19) -> 8199.9341 | H23: 1617.8 | I23: =DataFromRScriptForCalculations!S18 -> 1.9711226e+11
A24: =CalculationSheet!A29 -> Russia | B24: =IFERROR(G24*150*1000000/I24,"") -> 5.234378 | C24: =CalculationSheet!J29 -> 2060 | D24: =DataFromRScriptForCalculations!T28 -> 12521.522 | E24: =IFERROR((G24*1000000*150/(2100-C24))/I24,"") -> 0.13085945 | F24: =H24*1000000/I24 -> 0.035753486 | G24: =IF(CalculationSheet!AA29=0,"",CalculationSheet!AA29) -> 64326.747 | H24: 65907.7 | I24: =DataFromRScriptForCalculations!S28 -> 1.8433923e+12
A25: =CalculationSheet!A30 -> Saudi Arabia | B25: =IFERROR(G25*150*1000000/I25,"") -> 3.6555057 | C25: =CalculationSheet!J30 -> 2060 | D25: =DataFromRScriptForCalculations!T29 -> 24315.615 | E25: =IFERROR((G25*1000000*150/(2100-C25))/I25,"") -> 0.091387642 | F25: =H25*1000000/I25 -> 0.072292245 | G25: =IF(CalculationSheet!AA30=0,"",CalculationSheet!AA30) -> 21303.215 | H25: 63194.7 | I25: =DataFromRScriptForCalculations!S29 -> 874156000000
A26: =CalculationSheet!A37 -> United Arab Emirates | B26: =IFERROR(G26*150*1000000/I26,"") -> 2.945976 | C26: =CalculationSheet!J37 -> 2070 | D26: =DataFromRScriptForCalculations!T36 -> 44332.34 | E26: =IFERROR((G26*1000000*150/(2100-C26))/I26,"") -> 0.0981992 | F26: =H26*1000000/I26 -> 0.054807954 | G26: =IF(CalculationSheet!AA37=0,"",CalculationSheet!AA37) -> 8154.045 | H26: 22755.1 | I26: =DataFromRScriptForCalculations!S36 -> 4.1517879e+11
A27: =CalculationSheet!A32 -> South Africa | B27: =IFERROR(G27*150*1000000/I27,"") -> 2.0695318 | C27: =CalculationSheet!J32 -> 2050 | D27: =DataFromRScriptForCalculations!T31 -> 7073.6128 | E27: =IFERROR((G27*1000000*150/(2100-C27))/I27,"") -> 0.041390635 | F27: =H27*1000000/I27 -> 0.0080784482 | G27: =IF(CalculationSheet!AA32=0,"",CalculationSheet!AA32) -> 5796.3144 | H27: 3393.9 | I27: =DataFromRScriptForCalculations!S31 -> 4.2011781e+11
A28: =CalculationSheet!A8 -> China | B28: =IFERROR(G28*150*1000000/I28,"") -> 1.2657878 | C28: =CalculationSheet!J8 -> 2060 | D28: =DataFromRScriptForCalculations!T7 -> 12617.505 | E28: =IFERROR((G28*1000000*150/(2100-C28))/I28,"") -> 0.031644695 | F28: =H28*1000000/I28 -> 0.016045069 | G28: =IF(CalculationSheet!AA8=0,"",CalculationSheet!AA8) -> 150379.47 | H28: 285930.5 | I28: =DataFromRScriptForCalculations!S7 -> 1.782046e+13
A29: =CalculationSheet!A6 -> Canada | B29: =IFERROR(G29*150*1000000/I29,"") -> 1.168521 | C29: =CalculationSheet!J6 -> 2050 | D29: =DataFromRScriptForCalculations!T5 -> 52496.844 | E29: =IFERROR((G29*1000000*150/(2100-C29))/I29,"") -> 0.02337042 | F29: =H29*1000000/I29 -> 0.012633899 | G29: =IF(CalculationSheet!AA6=0,"",CalculationSheet!AA6) -> 15638.489 | H29: 25362.2 | I29: =DataFromRScriptForCalculations!S5 -> 2.0074722e+12
A30: =CalculationSheet!A33 -> South Korea | B30: =IFERROR(G30*150*1000000/I30,"") -> 1.1334192 | C30: =CalculationSheet!J33 -> 2050 | D30: =DataFromRScriptForCalculations!T32 -> 35125.522 | E30: =IFERROR((G30*1000000*150/(2100-C30))/I30,"") -> 0.022668384 | F30: =H30*1000000/I30 -> 0.027976739 | G30: =IF(CalculationSheet!AA33=0,"",CalculationSheet!AA33) -> 13740.306 | H30: 50873.8 | I30: =DataFromRScriptForCalculations!S32 -> 1.8184321e+12
A31: =CalculationSheet!A4 -> Australia | B31: =IFERROR(G31*150*1000000/I31,"") -> 1.1261164 | C31: =CalculationSheet!J4 -> 2050 | D31: =DataFromRScriptForCalculations!T3 -> 60697.245 | E31: =IFERROR((G31*1000000*150/(2100-C31))/I31,"") -> 0.022522327 | F31: =H31*1000000/I31 -> 0.02098614 | G31: =IF(CalculationSheet!AA4=0,"",CalculationSheet!AA4) -> 11704.356 | H31: 32718.1 | I31: =DataFromRScriptForCalculations!S3 -> 1.5590338e+12
A32: =CalculationSheet!A39 -> United States | B32: =IFERROR(G32*150*1000000/I32,"") -> 1.0625152 | C32: =CalculationSheet!J39 -> 2050 | D32: =DataFromRScriptForCalculations!T38 -> 71055.876 | E32: =IFERROR((G32*1000000*150/(2100-C32))/I32,"") -> 0.021250303 | F32: =H32*1000000/I32 -> 0.034170939 | G32: =IF(CalculationSheet!AA39=0,"",CalculationSheet!AA39) -> 167126.77 | H32: 806230.2 | I32: =DataFromRScriptForCalculations!S38 -> 23594031000000
A33: =CalculationSheet!A18 -> Japan | B33: =IFERROR(G33*150*1000000/I33,"") -> 0.76565099 | C33: =CalculationSheet!J18 -> 2050 | D33: =DataFromRScriptForCalculations!T17 -> 40058.537 | E33: =IFERROR((G33*1000000*150/(2100-C33))/I33,"") -> 0.01531302 | F33: =H33*1000000/I33 -> 0.010121418 | G33: =IF(CalculationSheet!AA18=0,"",CalculationSheet!AA18) -> 25698.416 | H33: 50957.5 | I33: =DataFromRScriptForCalculations!S17 -> 5.0346208e+12
A34: =CalculationSheet!A13 -> European Union | B34: =IFERROR(G34*150*1000000/I34,"") -> 0.41203953 | C34: =CalculationSheet!J13 -> 2050 | D34: =DataFromRScriptForCalculations!T12 -> 38720.875 | E34: =IFERROR((G34*1000000*150/(2100-C34))/I34,"") -> 0.0082407907 | F34: =H34*1000000/I34 -> 0.013000193 | G34: =IF(CalculationSheet!AA13=0,"",CalculationSheet!AA13) -> 47563.446 | H34: 225100 | I34: =DataFromRScriptForCalculations!S12 -> 1.7315127e+13
A35: =CalculationSheet!A31 -> Singapore | B35: =IFERROR(G35*150*1000000/I35,"") -> 0.39778387 | C35: =CalculationSheet!J31 -> 2050 | D35: =DataFromRScriptForCalculations!T30 -> 79601.413 | E35: =IFERROR((G35*1000000*150/(2100-C35))/I35,"") -> 0.0079556773 | F35: =H35*1000000/I35 -> 0.025465344 | G35: =IF(CalculationSheet!AA31=0,"",CalculationSheet!AA31) -> 1151.2172 | H35: 11054.8 | I35: =DataFromRScriptForCalculations!S30 -> 4.3411156e+11
A36: =CalculationSheet!A38 -> United Kingdom | B36: =IFERROR(G36*150*1000000/I36,"") -> 0.2461397 | C36: =CalculationSheet!J38 -> 2050 | D36: =DataFromRScriptForCalculations!T37 -> 46869.759 | E36: =IFERROR((G36*1000000*150/(2100-C36))/I36,"") -> 0.0049227941 | F36: =H36*1000000/I36 -> 0.021486732 | G36: =IF(CalculationSheet!AA38=0,"",CalculationSheet!AA38) -> 5154.996 | H36: 67500.7 | I36: =DataFromRScriptForCalculations!S37 -> 3.1415062e+12
A37: =CalculationSheet!A23 -> New Zealand | B37: =IFERROR(G37*150*1000000/I37,"") -> 0.21795419 | C37: =CalculationSheet!J23 -> 2050 | D37: =DataFromRScriptForCalculations!T22 -> 49624.182 | E37: =IFERROR((G37*1000000*150/(2100-C37))/I37,"") -> 0.0043590838 | F37: =H37*1000000/I37 -> 0.011455422 | G37: =IF(CalculationSheet!AA23=0,"",CalculationSheet!AA23) -> 368.55193 | H37: 2905.6 | I37: =DataFromRScriptForCalculations!S22 -> 2.5364408e+11
A38: =CalculationSheet!A25 -> Norway | B38: =IFERROR(G38*150*1000000/I38,"") -> 0.14371284 | C38: =CalculationSheet!J25 -> 2050 | D38: =DataFromRScriptForCalculations!T24 -> 93072.893 | E38: =IFERROR((G38*1000000*150/(2100-C38))/I38,"") -> 0.0028742568 | F38: =H38*1000000/I38 -> 0.016757323 | G38: =IF(CalculationSheet!AA25=0,"",CalculationSheet!AA25) -> 482.26962 | H38: 8435.1 | I38: =DataFromRScriptForCalculations!S24 -> 5.0336799e+11
A39: =CalculationSheet!A36 -> Türkiye | B39: =IFERROR(G39*150*1000000/I39,"") -> 0.097805058 | C39: =CalculationSheet!J36 -> 2050 | D39: =DataFromRScriptForCalculations!T35 -> 9743.2131 | E39: =IFERROR((G39*1000000*150/(2100-C39))/I39,"") -> 0.0019561012 | F39: =H39*1000000/I39 -> 0.018987754 | G39: =IF(CalculationSheet!AA36=0,"",CalculationSheet!AA36) -> 534.57979 | H39: 15567.4 | I39: =DataFromRScriptForCalculations!S35 -> 8.1986525e+11

Sheet SupplementaryTable1
A1: Country | B1: Economic Development | C1: Temperature Target | D1: Allocation principle for remaining carbon budget | E1: Redistribution principle for emission allowances pool | F1: Assumed starting year for carbon debt (0 = no carbon debt) | G1: GDP per capita in 2022 ( current USD) | H1: Carbon debt (MtCO₂) | I1: Planned emissions (future carbon claim) (MtCO₂) | J1: Excessive carbon claim (MtCO₂) | K1: Total excessive carbon claim (MtCO₂) | L1: Additional Carbon Accountability (MtCO₂) | M1: Additional Carbon Accountability per capita (tCO₂)
A2: Norway | B2: High | C2: 2 | D2: Equal cumulative per capita (main case) | E2: Equal cumulative per capita (main case) | F2: 1990 | G2: 108798.45 | H2: 680.7748 | I2: 378.3233 | J2: -133.83897 | K2: 546.93584 | L2: 0 | M2: 0
A3: Switzerland | B3: High | C3: 2 | D3: Equal cumulative per capita (main case) | E3: Equal cumulative per capita (main case) | F3: 1990 | G3: 93259.906 | H3: 258.88763 | I3: 547.64012 | J3: -241.01043 | K3: 17.877204 | L3: 0 | M3: 0
A4: Singapore | B4: High | C4: 2 | D4: Equal cumulative per capita (main case) | E4: Equal cumulative per capita (main case) | F4: 1990 | G4: 88428.702 | H4: 873.63249 | I4: 855.97719 | J4: 342.42623 | K4: 1216.0587 | L4: 0 | M4: 0
A5: United States | B5: High | C5: 2 | D5: Equal cumulative per capita (main case) | E5: Equal cumulative per capita (main case) | F5: 1990 | G5: 77246.674 | H5: 138704.84 | I5: 62672.691 | J5: 32261.664 | K5: 170966.5 | L5: 12075.416 | M5: 32.711654
A6: Australia | B6: High | C6: 2 | D6: Equal cumulative per capita (main case) | E6: Equal cumulative per capita (main case) | F6: 1990 | G6: 65077.677 | H6: 8973.8083 | I6: 5634.9533 | J6: 3056.1505 | K6: 12029.959 | L6: 0 | M6: 0
A7: Canada | B7: High | C7: 2 | D7: Equal cumulative per capita (main case) | E7: Equal cumulative per capita (main case) | F7: 1990 | G7: 55509.393 | H7: 13046.248 | I7: 6749.3312 | J7: 3058.2782 | K7: 16104.526 | L7: 0 | M7: 0
A8: United Arab Emirates | B8: High | C8: 2 | D8: Equal cumulative per capita (main case) | E8: Equal cumulative per capita (main case) | F8: 1990 | G8: 53707.98 | H8: 3848.3307 | I8: 5338.0929 | J8: 4421.4507 | K8: 8269.7814 | L8: 3480.5224 | M8: 312.8067
A9: New Zealand | B9: High | C9: 2 | D9: Equal cumulative per capita (main case) | E9: Equal cumulative per capita (main case) | F9: 1990 | G9: 48216.51 | H9: 473.87348 | I9: 434.70545 | J9: -44.781016 | K9: 429.09246 | L9: 0 | M9: 0
A10: United Kingdom | B10: High | C10: 2 | D10: Equal cumulative per capita (main case) | E10: Equal cumulative per capita (main case) | F10: 1990 | G10: 45564.157 | H10: 7590.2203 | I10: 4128.2916 | J10: -1699.4116 | K10: 5890.8087 | L10: 0 | M10: 0
A11: European Union | B11: High | C11: 2 | D11: Equal cumulative per capita (main case) | E11: Equal cumulative per capita (main case) | F11: 1990 | G11: 37466.696 | H11: 50351.023 | I11: 35701.912 | J11: 1527.3445 | K11: 51878.367 | L11: 0 | M11: 0
A12: Japan | B12: High | C12: 2 | D12: Equal cumulative per capita (main case) | E12: Equal cumulative per capita (main case) | F12: 1990 | G12: 34017.272 | H12: 21327.818 | I12: 14242.312 | J12: 5477.2814 | K12: 26805.099 | L12: 0 | M12: 0
A13: South Korea | B13: High | C13: 2 | D13: Equal cumulative per capita (main case) | E13: Equal cumulative per capita (main case) | F13: 1990 | G13: 32394.683 | H13: 9510.34 | I13: 8489.678 | J13: 4707.5074 | K13: 14217.847 | L13: 0 | M13: 0
... A40: World | B40: World | C40: 2 | D40: Equal cumulative per capita (main case) | E40: Equal cumulative per capita (main case) | F40: 1990 | G40: 12730.157 | H40: 0 | I40: 800533.5 | J40: 25533.522 | K40: 25533.522 | L40: 25533.522 | M40: 2.7141918

Sheet DataFromRScriptForCalculations
A1: Country | B1: Population2022 | C1: AggregatedPopulation19902022 | D1: AggregatedPopulation20232070 | E1: AggregatedPopulation19902070 | F1: ShareinWorldPopulation2022 | G1: ShareinWorldPopulation19902022 | H1: ShareinWorldPopulation20232070 | I1: ShareinWorldPopulation19902070 | J1: NetZeroYear | K1: HistoricEmissions2022MtCO2 | L1: HistoricEmissions19902022MtCO2 | M1: PlannedEmissions20232070MtCO2 | N1: TotalEmissions19902070MtCO2 | O1: ShareinWorldEmissions2022MtCO2 | P1: ShareinWorldEmissions19902022MtCO2 | Q1: ShareinWorldEmissions20232070MtCO2 | R1: ShareinWorldEmissions19902070MtCO2 | S1: GDP2021 | T1: GDPpercapita2021
A2: Argentina | B2: 45510318 | C2: 1301377860 | D2: 2416267861 | E2: 3717645721 | F2: 0.0057065477 | G2: 0.0059233139 | H2: 0.0053509838 | I2: 0.0055383082 | J2: 2050 | K2: 193.00479 | L2: 5258.9669 | M2: 3695.9879 | N2: 8954.9548 | O2: 0.0051915355 | P2: 0.005320314 | Q2: 0.0046169058 | R2: 0.0050055566 | S2: 4.8790257e+11 | T2: 10650.86
A3: Australia | B3: 26177414 | C3: 695388683 | D3: 1502546364 | E3: 2197935047 | F3: 0.0032823911 | G3: 0.0031651111 | H3: 0.0033274876 | I3: 0.0032743415 | J3: 2050 | K3: 392.56476 | L3: 12102.423 | M3: 5634.9533 | N3: 17737.377 | O3: 0.010559395 | P3: 0.012243601 | Q3: 0.0070389973 | R3: 0.0099146724 | S3: 1.5590338e+12 | T3: 60697.245
A4: Brazil | B4: 215313498 | C4: 6162527373 | D4: 10870264040 | E4: 17032791413 | F4: 0.026998202 | G4: 0.028049182 | H4: 0.024072913 | I4: 0.025374351 | J4: 2050 | K4: 483.82919 | L4: 12752.56 | M4: 7614.9241 | N4: 20367.484 | O4: 0.01301427 | P4: 0.012901322 | Q4: 0.0095123113 | R4: 0.011384825 | S4: 1.6706474e+12 | T4: 7794.881
A5: Canada | B5: 38454327 | C5: 1082845881 | D5: 2150601835 | E5: 3233447716 | F5: 0.0048217956 | G5: 0.0049286501 | H5: 0.004762649 | I5: 0.0048169813 | J5: 2050 | K5: 548.34267 | L5: 17918.067 | M5: 6749.3312 | N5: 24667.398 | O5: 0.014749584 | P5: 0.018127085 | Q5: 0.0084310413 | R5: 0.013788351 | S5: 2.0074722e+12 | T5: 52496.844
A6: Chile | B6: 19603733 | C6: 541035161 | D6: 973218785 | E6: 1514253946 | F6: 0.0024581159 | G6: 0.00246256 | H6: 0.0021552569 | I6: 0.0022558376 | J6: 2050 | K6: 84.439131 | L6: 2115.1081 | M6: 1365.1007 | N6: 3480.2087 | O6: 0.0022712843 | P6: 0.0021397813 | Q6: 0.0017052386 | R6: 0.0019453344 | S6: 3.1551501e+11 | T6: 16185.915
A7: China | B7: 1425887337 | C7: 43264697859 | D7: 62739096873 | E7: 106003794732 | F7: 0.17879229 | G7: 0.19692235 | H7: 0.13893985 | I7: 0.1579176 | J7: 2060 | K7: 11405.072 | L7: 219859.38 | M7: 246445.76 | N7: 466305.14 | O7: 0.3067791 | P7: 0.22242409 | Q7: 0.30785189 | R7: 0.26065087 | S7: 1.782046e+13 | T7: 12617.505
A8: Colombia | B8: 51874024 | C8: 1400496278 | D8: 2671471093 | E8: 4071967371 | F8: 0.006504494 | G8: 0.0063744584 | H8: 0.0059161481 | I8: 0.0060661537 | J8: 2050 | K8: 99.790448 | L8: 2391.4668 | M8: 1481.8846 | N8: 3873.3515 | O8: 0.0026842113 | P8: 0.0024193639 | Q8: 0.0018511213 | R8: 0.0021650897 | S8: 3.1852463e+11 | T8: 6182.9559
A9: Costa Rica | B9: 5180829 | C9: 142193117 | D9: 267134950 | E9: 409328067 | F9: 0.00064962516 | G9: 0.00064720209 | H9: 0.00059158789 | I9: 0.00060979049 | J9: 2050 | K9: 7.8944353 | L9: 211.1733 | M9: 123.15632 | N9: 334.32961 | O9: 0.00021234831 | P9: 0.00021363668 | Q9: 0.0001538428 | R9: 0.00018688043 | S9: 6.4960726e+10 | T9: 12604.049
A10: Egypt | B10: 110990103 | C10: 2711464435 | D10: 7324397186 | E10: 10035861621 | F10: 0.013917071 | G10: 0.012341423 | H10: 0.016220358 | I10: 0.014950778 | J10: 2070 | K10: 259.14013 | L10: 5652.751 | M10: 9318.0283 | N10: 14970.779 | O10: 0.0069704754 | P10: 0.0057186917 | Q10: 0.011639773 | R10: 0.0083682257 | S10: 4.2467177e+11 | T10: 3886.7225
A11: Ethiopia | B11: 123379925 | C11: 2705779529 | D11: 9710285246 | E11: 12416064775 | F11: 0.015470633 | G11: 0.012315548 | H11: 0.021504064 | I11: 0.018496651 | J11: 2060 | K11: 19.08714 | L11: 254.77013 | M11: 306.57647 | N11: 561.34659 | O11: 0.00051341505 | P11: 0.00025774208 | Q11: 0.00038296518 | R11: 0.00031377625 | S11: 1.1126188e+11 | T11: 925.0007
A12: European Union | B12: 436930922 | C12: 13957030962 | D12: 19911902579 | E12: 33868933541 | F12: 0.054786854 | G12: 0.063526419 | H12: 0.044096216 | I12: 0.050455747 | J12: 2050 | K12: 2763.9172 | L12: 113144.94 | M12: 35701.912 | N12: 148846.85 | O12: 0.074345171 | P12: 0.1144648 | Q12: 0.044597647 | R12: 0.083201015 | S12: 1.7315127e+13 | T12: 38720.875
A13: Gambia | B13: 2705992 | C13: 58804928 | D13: 210606063 | E13: 269410991 | F13: 0.00033930487 | G13: 0.00026765481 | H13: 0.00046640095 | I13: 0.00040135108 | J13: 2050 | K13: 0.77103307 | L13: 13.038285 | M13: 14.310216 | N13: 27.348501 | O13: 2.0739617e-05 | P13: 1.319038e-05 | Q13: 1.7875848e-05 | R13: 1.5287008e-05 | S13: 2.0141588e+09 | T13: 762.96323
... A39: Viet Nam | B39: 98186856 | C39: 2764848874 | D39: 5033636847 | E39: 7798485721 | F39: 0.012311669 | G39: 0.012584406 | H39: 0.011147319 | I39: 0.01161768 | J39: 2050 | K39: 343.85669 | L39: 4308.3515 | M39: 7304.0838 | N39: 11612.435 | O39: 0.0092492222 | P39: 0.0043586095 | Q39: 0.0091240199 | R39: 0.0064910102 | S39: 3.6647475e+11 | T39: 3759.9483
A40: World | B40: 7975105156 | C40: 219704354981 | D40: 451555815400 | E40: 671260170381 | F40: 1 | G40: 1 | H40: 1 | I40: 1 | J40: #N/A | K40: 37176.822 | L40: 988469.27 | M40: 800533.52 | N40: 1789002.8 | O40: 1 | P40: 1 | Q40: 1 | R40: 1 | S40: 9.7527033e+13 | T40: 12362.464
